 Dungeon Crawl Stone Soup version 0.30.0-10-gfe55d96785 (webtiles) character file.

Game seed: 8668482338706594726

1699 qw the Cleaver (level 9, -3/55 HPs)
             Began as a Gargoyle Fighter on May 14, 2023.
             Was an Initiate of Okawaru.
             Killed from afar by a gargoyle (20 damage)
             ... with a stone arrow
             ... on level 6 of the Dungeon.
             The game lasted 00:02:38 (4360 turns).

qw the Cleaver (Gargoyle Fighter)                   Turns: 4360, Time: 00:02:38

Health: -3/55      AC: 16    Str: 24    XL:     9   Next: 3%
Magic:  9/9        EV:  9    Int:  9    God:    Okawaru [......]
Gold:   325        SH:  4    Dex:  9    Spells: 8/8 levels left

rFire   . . .        Y - +1 war axe
rCold   . . .        c - +0 buckler
rNeg    + . .        l - +0 chain mail
rPois   inf          (no helmet)
rElec   +            (no cloak)
rCorr   .            a - +0 pair of gloves
SInv    .            (no boots)
Will    .....        (no amulet) Stlth
                     (no ring)
HPRegen 0.29/turn    (no ring)
MPRegen 0.11/turn

%: no passive effects
@: no status effects
A: sickness immunity, AC +6, negative energy resistance 1, electricity
resistance, torment resistance 1, petrification resistance
a: Renounce Religion


You were on level 6 of the Dungeon.
You worshipped Okawaru.
Okawaru was noncommittal.
You visited 1 branch of the dungeon, and saw 6 of its levels.

You collected 325 gold pieces.


Innate Abilities, Weirdness & Mutations

You are immune to sickness and miasma.
Your stone body is resilient. (AC +6)
You are immune to poison.
You resist negative energy. (rN+)
You are resistant to electric shocks. (rElec)
You are resistant to unholy torment.
You are immune to petrification.


   Skills:
 - Level 6.1 Fighting
 + Level 8.0 Axes
 - Level 3.2 Armour
 - Level 4.3 Dodging
 - Level 3.2 Shields
 - Level 0.5 Invocations


You had 8 spell levels left.
You didn't know any spells.
Your spell library was empty.

Inventory:

Hand Weapons
 e - a +0 whip of freezing
 Y - a +1 war axe (weapon)
Armour
 a - a +0 pair of gloves (worn)
 c - a +0 buckler (worn)
 l - a +0 chain mail (worn)
Scrolls
 g - a scroll of identify
 k - a scroll of teleportation
Potions
 d - 2 potions of might
 i - 2 potions of lignification
 m - 2 potions of attraction
 n - a potion of haste

Dungeon Overview and Level Annotations

Branches:
Dungeon (6/15)             Temple (0/1) D:4

Altars:
Fedhas
Hepliaklqana
Nemelex Xobeh
Okawaru
Qazlal
Sif Muna
Trog
Yredelemnul

Shops:
D:1 =

Annotations:
D:3 3 runed translucent doors, qw's ghost, amateur GrFi
D:6 exclusion: gargoyle


Message History

A gargoyle comes into view. It is wielding a +0 mace.
A gargoyle is nearby!
The gargoyle hits you but does no damage.
You hit the gargoyle but do no damage. The gargoyle barely misses you.
The gargoyle misses you.
You hit the gargoyle.
The gargoyle is lightly damaged.
The gargoyle hurls a stone arrow at you.
The stone arrow hits you!
You hit the gargoyle but do no damage.
The gargoyle is lightly damaged.
The gargoyle hits you with a +0 mace.
You hit the gargoyle but do no damage.
The gargoyle is lightly damaged.
The gargoyle barely misses you.
You closely miss the gargoyle.
The gargoyle is lightly damaged.
The gargoyle closely misses you.
You barely miss the gargoyle.
The gargoyle is lightly damaged.
The gargoyle hurls a stone arrow at you.
The stone arrow misses you.
You hit the gargoyle but do no damage.
The gargoyle is lightly damaged.
The gargoyle hurls a stone arrow at you.
The stone arrow hits you!!
You hit the gargoyle but do no damage.
The gargoyle is lightly damaged.
The gargoyle hits you with a +0 mace!
The gargoyle hurls a stone arrow at you.
The stone arrow misses you.
You hit the gargoyle but do no damage.
The gargoyle is lightly damaged.
The gargoyle hurls a stone arrow at you.
The stone arrow misses you.
You hit the gargoyle.
The gargoyle is lightly damaged.
The gargoyle hurls a stone arrow at you.
The stone arrow hits you!!
You die...

..#####.:.........)
#.......###.......#
##.............
#)#..#........
#.##.##.....##
#.##..##...##
#.###......#
########.##..#...##
#..9@....#...###..#
#.############ ####
#.####### #####..
#.#.#.#.###.8.8.9.
#..#.#.#.#.#
#########.## ###


You could see a gargoyle.

Vanquished Creatures
  Pikel (D:4)
  Menkaure (D:5)
  A water moccasin (D:6)
  2 black bears
  An ogre (D:5)
  A phantom (D:5)
  2 centaurs (D:6)
  A scorpion (D:4)
  4 hounds
  A jelly (D:4)
  An orc priest (D:6)
  2 sleepcaps
  Ijyb (D:5)
  An iguana (D:6)
  2 orc wizards
  A gnoll (D:5)
  2 adders (D:4)
  A shadow imp (D:5)
  An ufetubus (D:4)
  4 worms
  3 dart slugs
  5 orcs
  5 ball pythons
  3 bats
  11 endoplasms
  4 giant cockroaches
  5 hobgoblins
  3 jackals (D:4)
  6 quokkas
  3 frilled lizards
  7 goblins
  8 kobolds
  5 rats
99 creatures vanquished.

Notes
Turn   | Place    | Note
-------+----------+-------------------------------------------
     0 | D:1      | qw the Gargoyle Fighter began the quest for the Orb.
     0 | D:1      | Reached XP level 1. HP: 14/14 MP: 1/1
     0 | D:1      | 0 ||| qw: Version: 0.2-a-92-g8a84c4b
     0 | D:1      | 0 ||| qw: Game counter: 21
     0 | D:1      | 0 ||| qw: Always use a shield: true
     0 | D:1      | 0 ||| qw: God list: Okawaru
     0 | D:1      | 0 ||| qw: Allow faded altars: false
     0 | D:1      | 0 ||| qw: Do Orc after D:15 true
     0 | D:1      | 0 ||| qw: Do second Lair branch before Depths: true
     0 | D:1      | 0 ||| qw: Lair rune preference: random
     0 | D:1      | 0 ||| qw: Plans: Normal, Zot:1-4, God:TSO, Crypt, Tomb,
                  | Pan, Slime:5, Hells, Abyss, Win
     0 | D:1      | 0 ||| PLANNING D:1-11
    25 | D:1      | Reached skill level 2 in Axes
   119 | D:1      | Found Ynidule's Jewellery Boutique.
   126 | D:1      | Reached XP level 2. HP: 19/19 MP: 2/2
   135 | D:1      | 135 ||| SHOPLISTING +4 ring of slaying (780 gold, have 45).
   135 | D:1      | 135 ||| SHOPLISTING +6 ring of dexterity (360 gold, have
                  | 45).
   135 | D:1      | 135 ||| SHOPLISTING ring of ice (250 gold, have 45).
   135 | D:1      | 135 ||| SHOPLISTING ring of resist corrosion (200 gold,
                  | have 45).
   135 | D:1      | 135 ||| SHOPLISTING ring of see invisible (150 gold, have
                  | 45).
   135 | D:1      | 135 ||| SHOPLISTING ring of willpower (250 gold, have 45).
   278 | D:1      | 278 ||| Stepping ~*~*~tactically~*~*~ (hiding).
   385 | D:1      | 385 ||| Stepping ~*~*~tactically~*~*~ (hiding).
   549 | D:1      | 549 ||| READING scroll labelled JICUT IF AKHLAMM.
   550 | D:1      | 550 ||| READING scroll labelled PONKYADISCH.
   584 | D:2      | Reached skill level 3 in Axes
   652 | D:2      | Found a faded altar of an unknown god.
   671 | D:2      | Reached XP level 3. HP: 23/23 MP: 3/3
  1177 | D:2      | 1177 ||| UPGRADING to +0 pair of gloves.
  1182 | D:2      | 1182 ||| UPGRADING to +0 chain mail.
  1192 | D:2      | 1192 ||| DROPPING +0 scale mail.
  1193 | D:2      | 1193 ||| READING scroll labelled QOSUET KAKLA.
  1194 | D:2      | 1194 ||| READING scroll labelled OXEIPR PIGA.
  1195 | D:2      | 1195 ||| DRINKING 2 inky potions.
  1196 | D:2      | 1196 ||| DRINKING 2 gluggy blue potions.
  1197 | D:2      | 1197 ||| DROPPING potion of magic.
  1257 | D:3      | Found a sparkling altar of Nemelex Xobeh.
  1338 | D:3      | Found a hazy altar of Hepliaklqana.
  1533 | D:3      | 1533 ||| DROPPING +0 club.
  1743 | D:3      | Found a runed translucent gate.
  1743 | D:3      | Found a runed translucent gate.
  1743 | D:3      | Found a runed translucent gate.
  1749 | D:3      | Noticed qw's ghost (amateur GrFi)
  1764 | D:3      | 1764 ||| READING scroll labelled OHECEY MEFETZE.
  1765 | D:3      | 1765 ||| READING scroll labelled OSEYHY RESTRIMOFO.
  1866 | D:3      | 1866 ||| READING scroll labelled GYDUOM YKIOTAZ.
  1867 | D:3      | 1867 ||| DRINKING 2 sapphire potions.
  1868 | D:3      | 1868 ||| DROPPING potion of brilliance.
  1896 | D:4      | 1896 ||| PLANNING SEWER
  1933 | D:4      | Reached XP level 4. HP: 17/28 MP: 4/4
  1994 | D:4      | Reached skill level 4 in Axes
  2063 | D:4      | Reached XP level 5. HP: 27/32 MP: 5/5
  2066 | D:4      | Reached skill level 5 in Axes
  2142 | D:4      | Noticed Pikel
  2142 | D:4      | Noticed a lemure
  2142 | D:4      | Noticed a lemure
  2143 | D:4      | Noticed a lemure
  2144 | D:4      | 2144 ||| Stepping ~*~*~tactically~*~*~ (stealth).
  2150 | D:4      | Noticed a lemure
  2161 | D:4      | HP: 6/32 [Pikel/+0 whip of freezing (7)]
  2162 | D:4      | 2162 ||| READING scroll of teleportation.
  2163 | D:4      | 2163 ||| DRINKING 2 potions of heal wounds.
  2182 | D:4      | Found a blossoming altar of Fedhas.
  2194 | D:4      | Reached XP level 6. HP: 31/38 MP: 6/6
  2298 | D:4      | 2298 ||| Stepping ~*~*~tactically~*~*~ (stealth).
  2328 | D:4      | Noticed a black bear
  2337 | D:4      | Killed a black bear
  2338 | D:4      | Reached skill level 6 in Axes
  2445 | D:4      | Killed Pikel
  2446 | D:4      | Reached XP level 7. HP: 27/43 MP: 7/7
  2507 | D:4      | 2507 ||| DROPPING +0 mace.
  2640 | D:4      | 2640 ||| RIP SEWER
  2662 | D:4      | 2662 ||| PLANNING D:1-11
  2662 | D:4      | 2662 ||| DRINKING 2 golden potions.
  2682 | D:4      | 2682 ||| READING 3 scrolls of identify.
  2682 | D:4      | 2682 ||| IDENTIFYING green potion
  2683 | D:4      | 2683 ||| READING 2 scrolls of identify.
  2683 | D:4      | 2683 ||| IDENTIFYING glowing pink potion
  2815 | D:4      | 2815 ||| Stepping ~*~*~tactically~*~*~ (stealth).
  2818 | D:4      | 2818 ||| Stepping ~*~*~tactically~*~*~ (hiding).
  2819 | D:4      | 2819 ||| Stepping ~*~*~tactically~*~*~ (hiding).
  2832 | D:4      | Reached XP level 8. HP: 36/48 MP: 8/8
  2908 | D:4      | Found a shimmering blue altar of Sif Muna.
  2909 | D:4      | Found a stormy altar of Qazlal.
  3106 | D:4      | Found an iron altar of Okawaru.
  3107 | D:4      | 3107 ||| PLANNING OKAWARU WORSHIP
  3107 | D:4      | 3107 ||| READING scroll labelled KAIFAHU ICVI.
  3115 | D:4      | Became a worshipper of Warmaster Okawaru
  3116 | D:4      | 3116 ||| PLANNING D:1-11
  3138 | D:4      | Found a staircase to the Ecumenical Temple.
  3177 | D:5      | Entered Level 5 of the Dungeon
  3378 | D:5      | Noticed Ijyb
  3379 | D:5      | 3379 ||| DRINKING potion of curing.
  3379 | D:5      | 3379 ||| (to cure confusion)
  3419 | D:5      | Killed Ijyb
  3472 | D:5      | 3472 ||| Stepping ~*~*~tactically~*~*~ (stealth).
  3595 | D:5      | Found a basalt altar of Yredelemnul.
  3614 | D:5      | Noticed Menkaure
  3618 | D:5      | Killed Menkaure
  3619 | D:5      | Reached skill level 7 in Axes
  3947 | D:5      | 3947 ||| READING scroll labelled SIBAUDD EPUOLI.
  3948 | D:5      | 3948 ||| READING scroll labelled NEENUS EJIHOV.
  3949 | D:5      | 3949 ||| READING scroll labelled HUIT JIRHECIOT.
  3950 | D:5      | 3950 ||| READING 3 scrolls of identify.
  3950 | D:5      | 3950 ||| IDENTIFYING fuming purple potion
  3951 | D:5      | 3951 ||| READING 2 scrolls of identify.
  3951 | D:5      | 3951 ||| IDENTIFYING sedimented yellow potion
  3952 | D:5      | 3952 ||| DROPPING potion of ambrosia.
  3999 | D:6      | HP: 10/49 [black bear (11)]
  4000 | D:6      | 4000 ||| READING 4 scrolls of teleportation.
  4001 | D:6      | 4001 ||| DRINKING potion of heal wounds.
  4003 | D:6      | Reached * piety under Okawaru
  4036 | D:6      | 4036 ||| Stepping ~*~*~tactically~*~*~ (stealth).
  4038 | D:6      | 4038 ||| Stepping ~*~*~tactically~*~*~ (stealth).
  4058 | D:6      | 4058 ||| Stepping ~*~*~tactically~*~*~ (stealth).
  4063 | D:6      | 4063 ||| Stepping ~*~*~tactically~*~*~ (stealth).
  4066 | D:6      | 4066 ||| INVOKING Heroism.
  4071 | D:6      | Reached skill level 8 in Axes
  4080 | D:6      | 4080 ||| INVOKING Heroism.
  4080 | D:6      | HP: 3/50 [orc priest/divine providence (14)]
  4081 | D:6      | 4081 ||| READING 3 scrolls of teleportation.
  4082 | D:6      | HP: 1/50 [orc priest/+0 hand axe (2)]
  4084 | D:6      | Reached skill level 6 in Fighting
  4084 | D:6      | Reached XP level 9. HP: 2/55 MP: 5/9
  4086 | D:6      | 4086 ||| READING 2 scrolls of teleportation.
  4091 | D:6      | 4091 ||| INVOKING Heroism.
  4275 | D:6      | Found a bloodstained altar of Trog.
  4330 | D:6      | Noticed a gargoyle
  4360 | D:6      | Killed from afar by a gargoyle

Levels and vault maps discovered:
D:1:      minmay_arrival_five_plusses, layout_rooms, serial_shops,
          nicolae_shop_window_shopping, minmay_misc_feat_x
D:2:      layout_basic, chequers_ecumenical_altar_simple_redux
D:3:      layout_basic, mainiacjoe_overflow_six_doors_small,
          nemelex_altar_shiori, ebering_ghost_rock_garden
D:4:      layout_basic, mainiacjoe_overflow_catch_the_wave,
          mainiacjoe_overflow_catwalk_spiral, lemuel_temple_firewalk_a,
          cheibrodos_sewer_entry_bend, minmay_pentangle, uniq_pikel
D:5:      layout_loops_ring, nicolae_overflow_crystal_walls, st_stairs_2,
          uniq_ijyb, uniq_menkaure
D:6:      kennysheep_spiral_hall, layout_rooms,
          mainiacjoe_overflow_surrounded_room, kennysheep_slug_shrine,
          hellmonk_guarded_unrand_hermit

Skill      XL: |  1  2  3  4  5  6  7  8 |
---------------+-------------------------+-----
Axes           | 2 3 4 5 6 8 |  8.0
Fighting       | 4 6 |  6.1
Dodging        | 4 |  4.3
Armour         | |  3.2
Shields        | |  3.2
Invocations    | |  0.5

Action                     |  1- 3 |  4- 6 |  7- 9 || total
---------------------------+-------+-------+-------++-------
  Melee: War axe           |   144 |   107 |   164 ||   415
  Throw: Boomerang         |    20 |       |       ||    20
 Invoke: Heroism           |       |       |     3 ||     3
    Use: Scroll            |     7 |     1 |    11 ||    19
         Potion            |     3 |     1 |     3 ||     7
   Stab: Sleeping          |       |       |     1 ||     1
 Armour: Scale mail        |    49 |       |       ||    49
         Chain mail        |    28 |    63 |   101 ||   192
  Dodge: Dodged            |    62 |    36 |    77 ||   175
  Block: Buckler           |    19 |    13 |    33 ||    65

Table legend:
 A = Non-vault XP
 B = Vault XP
 C = Vault XP percentage of total XP
 D = Non-vault monster count
 E = Vault monster count
 F = Vault count percentage of total count
                 A         B        C        D         E       F
            +---------+---------+-------+---------+---------+-------
      Total |    1361 |    1067 |  43.9 |      88 |      11 |  11.1
            +---------+---------+-------+---------+---------+-------
        D:1 |      28 |       0 |   0.0 |      18 |       0 |   0.0
        D:2 |      30 |       0 |   0.0 |      15 |       0 |   0.0
        D:3 |      21 |       0 |   0.0 |       9 |       0 |   0.0
        D:4 |     412 |     727 |  63.8 |      28 |       7 |  20.0
        D:5 |     250 |     340 |  57.6 |       8 |       4 |  33.3
        D:6 |     620 |       0 |   0.0 |      10 |       0 |   0.0
            +---------+---------+-------+---------+---------+-------
